 Dungeon Crawl Stone Soup version 0.22-a0-538-g76cc104 (webtiles) character file.

2400 Gildeon the Cleaver (level 9, -15/75 HPs)
             Began as a Minotaur Fighter on June 23, 2018.
             Was a Believer of Makhleb.
             Engulfed by a cloud of freezing vapour (16 damage)
             ... on level 7 of the Dungeon.
             The game lasted 00:19:27 (6199 turns).

Gildeon the Cleaver (Minotaur Fighter)              Turns: 6199, Time: 00:19:27

Health: -15/75     AC: 14    Str: 22    XL:     9   Next: 23%
Magic:  9/9        EV: 12    Int:  6    God:    Makhleb [**....]
Gold:   331        SH:  0    Dex: 13    Spells: 9/10 levels left

rFire    . . .     SeeInvis .   a - +2 war axe
rCold    . . .     Gourm    .   (no shield)
rNeg     . . .     Faith    .   j - +1 chain mail
rPois    .         Spirit   .   s - +2 hat
rElec    .         Reflect  .   r - +0 cloak
rCorr    .         Harm     +   (no gloves)
MR       .....     Rnd*Tele +   (no boots)
Stlth    ..........             o - amulet of harm
HPRegen  0.22/turn              e - +1 ring of evasion
MPRegen  0.11/turn              (no ring)

@: no status effects
A: retaliatory headbutt, horns 2, agile 1, sense surroundings 1, teleportitis 1
a: Minor Destruction, Renounce Religion


You were on level 7 of the Dungeon.
You worshipped Makhleb.
Makhleb was pleased with you.
You were hungry.

You visited 2 branches of the dungeon, and saw 8 of its levels.

You collected 331 gold pieces.

Inventory:

Hand Weapons
 a - a +2 war axe (weapon)
 m - a +2 spear of piercing
Armour
 j - a +1 chain mail (worn)
 r - a +0 cloak (worn)
 s - a +2 hat (worn)
Jewellery
 e - a +1 ring of evasion (left hand)
 o - an amulet of harm (around neck)
Wands
 l - a wand of digging (27)
Scrolls
 c - 4 scrolls of remove curse
 k - 4 scrolls of fog
 p - 2 scrolls of teleportation
 q - a scroll of blinking
Potions
 b - 5 potions of flight
 f - a potion of heal wounds
 g - 2 potions of lignification
 h - a potion of agility
 n - 2 potions of brilliance
Comestibles
 d - 2 chunks of flesh
 i - 8 rations


   Skills:
 + Level 6.1 Fighting
 * Level 10.0 Axes
 + Level 6.1 Armour
 + Level 6.0 Dodging
   Level 3.6 Shields
 - Level 1.0 Spellcasting
 + Level 0.9 Conjurations
 - Level 2.2 Invocations
 - Level 2.3 Evocations


You had 9 spell levels left.
You knew the following spells:

 Your Spells              Type           Power        Failure   Level  Hunger
a - Magic Dart            Conj           #...         94%         1    ##.....

Your spell library contained the following spells:

 Spells                   Type           Power        Failure   Level  Hunger


Dungeon Overview and Level Annotations

Branches:
Dungeon (7/15)             Temple (1/1) D:6

Altars:
Cheibriados
Dithmenos
Fedhas
Gozag
Hepliaklqana
Kikubaaqudgha
Makhleb
Nemelex Xobeh
Qazlal
Sif Muna
Trog
Uskayaw
Vehumet
Xom
Yredelemnul
The Shining One


Innate Abilities, Weirdness & Mutations

You reflexively headbutt those who attack you in melee.
You have a pair of horns on your head.
You are agile. (Dex +2)
You passively map a small area around you.
You are occasionally teleported next to monsters.


Message History

Unknown command.
Unknown command.
You open the door.
There is an open door here.
Really walk into a travel-excluded area?
Found a stone staircase leading up.
Press: ? - help, v - describe, . - travel The floor.
There is a cloud of freezing vapour here.
Reduced exclusion size to a single square.
Removed exclusion.
You are engulfed in freezing vapours.
Found 15 gold pieces.
Found a stone staircase leading down.
You are engulfed in freezing vapours.
You are engulfed in freezing vapours.
You are engulfed in freezing vapours.
* * * LOW HITPOINT WARNING * * *
You are engulfed in freezing vapours.
You die...

.###. , , , *
..........# .##.#...#
..........# ...#...#
......###.####..#...#
........<...........###
###################...#
($$$..§§§§........#.#.#
#################.#...#
..§§§§....§§§§§§@§#.#
'##################....#
.................###.#.#
.....######.....$..#,# *
.....# #..........,
.....# #..........# *
.....# #..........#
.....# #......>....
.....# ,


There were no monsters in sight!

Vanquished Creatures
  Pikel (D:7)
  Sigmund (D:6)
  Menkaure (D:7)
  Duvessa (D:7)
  A phantom (D:7)
  2 ogres
  4 scorpions
  Dowan (D:7)
  A crimson imp (D:6)
  A bullfrog zombie (D:5)
  2 jellies (D:5)
  3 orc priests
  A hound (D:4)
  2 centaur skeletons (D:4)
  2 gnoll shamans (D:4)
  2 iguanas
  4 orc wizards (D:4)
  7 worker ants
  A howler monkey zombie (D:6)
  A worker ant zombie (D:7)
  16 gnolls
  7 adders
  An adder skeleton (D:7)
  2 adder zombies
  2 worms
  5 leopard geckos
  19 orcs
  A ball python (D:1)
  3 giant cockroaches
  4 goblins
  6 hobgoblins
  2 jackals (D:3)
  6 quokkas
  A ball python skeleton (D:3)
  6 bats
  A frilled lizard (D:2)
  8 kobolds
  10 rats
139 creatures vanquished.

Vanquished Creatures (others)
  A bullfrog (D:7)
  An orc (D:7)
  A plant (D:2)
3 creatures vanquished.

Grand Total: 142 creatures vanquished

Notes
Turn   | Place    | Note
-------+----------+-------------------------------------------
     0 | D:1      | Gildeon the Minotaur Fighter began the quest for the Orb.
     0 | D:1      | Reached XP level 1. HP: 19/19 MP: 0/0
   241 | D:1      | Reached XP level 2. HP: 27/27 MP: 1/1
   319 | D:1      | Reached skill level 3 in Axes
   657 | D:2      | Gained mutation: You are clumsy. (Dex -2) [potion of mutation]
   657 | D:2      | Gained mutation: Scrolls take you a little longer to read. [potion of mutation]
   657 | D:2      | Lost mutation: You are clumsy. (Dex -2) [potion of mutation]
   724 | D:2      | Reached skill level 1 in Dodging
   757 | D:2      | HP: 1/27 [kobold/dagger (1)]
   758 | D:2      | Reached XP level 3. HP: 1/33 MP: 2/2
  1427 | D:2      | Found a burning altar of Makhleb.
  1460 | D:2      | Reached XP level 4. HP: 18/40 MP: 3/3
  1684 | D:2      | Became a worshipper of Makhleb the Destroyer
  2206 | D:3      | Reached skill level 4 in Axes
  2259 | D:3      | Lost mutation: Scrolls take you a little longer to read. [potion of mutation]
  2259 | D:3      | Gained mutation: You are robust. (+10% HP) [potion of mutation]
  2259 | D:3      | Gained mutation: You have very sharp teeth. [potion of mutation]
  2260 | D:3      | Lost mutation: You are robust. (+10% HP) [potion of mutation]
  2260 | D:3      | Gained mutation: You are partially covered in iridescent scales. (AC +2) [potion of mutation]
  2260 | D:3      | Gained mutation: You passively map a small area around you. [potion of mutation]
  2261 | D:3      | Lost mutation: You have very sharp teeth. [potion of mutation]
  2261 | D:3      | Lost mutation: You are partially covered in iridescent scales. (AC +2) [potion of mutation]
  2261 | D:3      | Gained mutation: You are occasionally teleported next to monsters. [potion of mutation]
  2261 | D:3      | Gained mutation: You are agile. (Dex +2) [potion of mutation]
  2531 | D:3      | Reached XP level 5. HP: 43/47 MP: 4/4
  2797 | D:3      | Found a faded altar of an unknown god.
  2959 | D:4      | Reached skill level 5 in Axes
  2967 | D:4      | Reached XP level 6. HP: 13/55 MP: 5/5
  3257 | D:4      | Reached skill level 5 in Fighting
  3261 | D:4      | Reached * piety under Makhleb
  3264 | D:4      | Reached skill level 5 in Armour
  3320 | D:4      | Reached skill level 6 in Axes
  3613 | D:4      | Reached XP level 7. HP: 52/61 MP: 6/6
  3702 | D:4      | Reached skill level 1 in Invocations
  3919 | D:5      | Entered Level 5 of the Dungeon
  3978 | D:5      | Reached skill level 7 in Axes
  4045 | D:5      | Reached ** piety under Makhleb
  4054 | D:5      | Found a blossoming altar of Fedhas.
  4078 | D:5      | Found a stormy altar of Qazlal.
  4429 | D:5      | Reached skill level 1 in Spellcasting
  4924 | D:6      | Reached skill level 1 in Evocations
  4970 | D:6      | Reached skill level 8 in Axes
  4970 | D:6      | Reached XP level 8. HP: 61/68 MP: 8/8
  5119 | D:6      | Noticed Sigmund
  5126 | D:6      | Killed Sigmund
  5126 | D:6      | Reached skill level 5 in Dodging
  5272 | D:6      | Found a staircase to the Ecumenical Temple.
  5278 | Temple   | Entered the Ecumenical Temple
  5570 | D:6      | Found a radiant altar of Vehumet.
  5570 | D:6      | Found an ancient bone altar of Kikubaaqudgha.
  5571 | D:6      | Found a deep blue altar of Sif Muna.
  5576 | D:6      | Identified Vehumet's Papyrus of Attacks
  5580 | D:6      | Learned a level 1 spell: Magic Dart
  5619 | D:7      | Noticed Menkaure
  5625 | D:7      | Killed Menkaure
  5625 | D:7      | Reached skill level 9 in Axes
  5680 | D:7      | Noticed Pikel
  5707 | D:7      | Killed Pikel
  5707 | D:7      | Reached XP level 9. HP: 49/75 MP: 9/9
  5718 | D:7      | Found a glowing golden altar of the Shining One.
  5718 | D:7      | Found a bloodstained altar of Trog.
  5935 | D:7      | Noticed Dowan
  5936 | D:7      | Noticed Duvessa
  5941 | D:7      | Killed Dowan
  5948 | D:7      | Killed Duvessa
  5948 | D:7      | Reached skill level 10 in Axes
  6198 | D:7      | HP: 1/75 [something (28)]
  6199 | D:7      | Engulfed by a cloud of freezing vapour

Vault maps used:
D:1:      dpeg_arrival_ternary
D:2:      wad_woods_stonehenge, minmay_misc_feat_plants
D:3:      chequers_ecumenical_altar_twisty
D:5:      grunt_temple_overflow_forces_of_nature, first_ration
D:6:      grunt_temple_overflow_magic_moments,
          minmay_temple_entry_statues_fountains, uniq_sigmund
D:7:      lemuel_ice_spiral_2, chequers_temple_overflow_minitemple,
          grunt_temple_overflow_open, uniq_duvessa, uniq_pikel, uniq_menkaure
Temple:   compressed_dpeg_triangle_lava_temple

Skill      XL: |  1  2  3  4  5  6  7  8  9 |
---------------+----------------------------+-----
Axes           | 3 4 5 6 8 9 10 | 10.0
Dodging        | 1 2 3 4 5 6 |  6.0
Fighting       | 4 5 6 |  6.1
Armour         | 4 5 6 |  6.1
Invocations    | 1 2 |  2.2
Spellcasting   | 1 |  1.0
Evocations     | 1 2 |  2.3
Shields        | |  3.6
Conjurations   | |  0.9

Action                   |  1- 3 |  4- 6 |  7- 9 || total
-------------------------+-------+-------+-------++-------
Melee: War axe           |    71 |    92 |   158 ||   321
       Headbutt          |    11 |    17 |    30 ||    58
  Use: Potion            |     1 |     3 |     3 ||     7
       Scroll            |     1 |     7 |     8 ||    16
  Eat: Ration            |     1 |     1 |     1 ||     3
       Chunk             |       |     3 |     3 ||     6
Armor: Scale mail        |    19 |       |       ||    19
       Chain mail        |    34 |    58 |    65 ||   157
Dodge: Dodged            |    46 |    51 |    75 ||   172

Table legend:
 A = Spawn XP
 B = Non-spawn XP
 C = Spawn XP percentage of total XP
 D = Spawn monster count
 E = Non-spawn monster count
 F = Spawn count percentage of total count
 G = Total turns spent on level
                    A         B        C        D         E        F      G
               +---------+---------+-------+---------+---------+-------+---------
         Total |       0 |    3429 |   0.0 |       0 |     140 |   0.0 |  6199
               +---------+---------+-------+---------+---------+-------+---------
           D:1 |       0 |      24 |   0.0 |       0 |      17 |   0.0 |   655
           D:2 |       0 |      85 |   0.0 |       0 |      22 |   0.0 |  1538
           D:3 |       0 |      91 |   0.0 |       0 |      18 |   0.0 |   688
           D:4 |       0 |     749 |   0.0 |       0 |      36 |   0.0 |  1038
           D:5 |       0 |     370 |   0.0 |       0 |      12 |   0.0 |   996
           D:6 |       0 |     624 |   0.0 |       0 |      16 |   0.0 |   474
           D:7 |       0 |    1486 |   0.0 |       0 |      19 |   0.0 |   580
               +---------+---------+-------+---------+---------+-------+---------
